 Dungeon Sprint DCSS version 0.31-a0-876-gfe8ebadbca (webtiles) character file.

Game seed: 16993539555872228757

17338 fingers the Hoplite (level 12, -3/105 HPs)
             Began as a Formicid Fighter on Oct 13, 2023.
             Was an Elder of Nemelex Xobeh.
             Slain by an Ice Fiend (23 damage)
             ... in the Dungeon (Sprint V: "Ziggurat Sprint").
             The game lasted 00:08:20 (1146 turns).

fingers the Hoplite (Formicid Fighter)              Turns: 1146, Time: 00:08:21

Health: -3/105     AC: 32    Str: 41    XL:     12   Next: 81%
Magic:  10/18      EV:  5    Int:  9    God:    Nemelex Xobeh [****..]
Gold:   0          SH: 35    Dex: 13    Spells: 11/11 levels left

rFire   + . .        B - +7 mace of Variability {chaos, chaos arc}
rCold   + . .        A - +18 shield of the Gong {Loud rN+ Will+ rCorr EV-5}
rNeg    + + .        z - +15 Maxwell's patent armour {-Cast -Tele rElec Will+ rCorr}
rPois   +            (helmet unavailable)
rElec   +            (no cloak)
rCorr   +            G - +0 pair of gloves {Stlth+}
SInv    +            (no boots)
Will    +++..        N - macabre finger necklace {Finger+ rN+}
Stlth   x              - +6 ring of strength
HPRegen 0.37/turn    y - +6 ring of strength
MPRegen 0.16/turn    Q - +6 ring of strength

%: no spellcasting, clarity
@: resistant, studying 2 skills
A: permanent stasis, dig shafts and tunnels, antennae 3, four strong arms,
clarity, weak 1
a: Dig, Renounce Religion, Draw Escape, Draw Destruction, Draw Summoning, Triple
Draw, Deal Four


You were in the Dungeon.
You worshipped Nemelex Xobeh.
Nemelex Xobeh was greatly pleased with you.
You visited 1 branch

Inventory:

Hand Weapons
 a - a +0 flail
 B - the +7 mace of Variability (weapon) {chaos, chaos arc}
   (You found it in the Dungeon)
Armour
 b - a +0 scale mail
 c - a +0 buckler
 z - the +15 Maxwell's patent armour (worn) {-Cast -Tele rElec Will+ rCorr}
   (You found it in the Dungeon)

   rElec:     It insulates you from electricity.
   Will+:     It increases your willpower.
   -Cast:     It prevents spellcasting.
   -Tele:     It prevents most forms of teleportation.
   rCorr:     It protects you from acid and corrosion.
 A - the +18 shield of the Gong (worn) {Loud rN+ Will+ rCorr EV-5}
   (You found it in the Dungeon)

   Loud:      It is deafeningly noisy when blocking attacks.
   EV-5:      It affects your evasion (-5).
   rN+:       It protects you from negative energy.
   Will+:     It increases your willpower.
   rCorr:     It protects you from acid and corrosion.
 G - a +0 pair of gloves of stealth (worn)
Jewellery
 s - a ring of flight
 t - a +6 ring of dexterity
 u - a +6 ring of dexterity
 v - a +6 ring of intelligence
 w - a +6 ring of intelligence
 x - a +6 ring of strength (left hand)
 y - a +6 ring of strength (right hand)
 C - an amulet of guardian spirit
 H - a ring of magical power
 I - a ring of poison resistance
 J - the ring "Givvulis" {rPois rN+ Int+5 Dex-3}
   (You found it in the Dungeon)

   [ring of positive energy]

   Int+5:     It affects your intelligence (+5).
   Dex-3:     It affects your dexterity (-3).
   rPois:     It protects you from poison rN+: It protects you from negative
   energy.
 K - a ring of willpower
 L - the ring of Qumnot {rCorr Str+4 Dex+3}
   (You found it in the Dungeon)

   [ring of resist corrosion]

   Str+4:     It affects your strength (+4).
   Dex+3:     It affects your dexterity (+3).
   rCorr:     It protects you from acid and corrosion.
 M - an amulet of regeneration
 N - the macabre finger necklace (around neck) {Finger+ rN+}
   (You found it in the Dungeon)

   [amulet of nothing]

   Finger+:   It enables you to equip an extra ring.
   rN+:       It protects you from negative energy.
 Q - a +6 ring of strength (on amulet)
 R - a ring of fire
 T - an amulet of regeneration
 U - a ring of protection from fire
 V - a ring of positive energy
 W - a +6 ring of intelligence
Wands
 p - a wand of mindburst (7)
 q - a wand of iceblast (14)
 r - a wand of quicksilver (7)
 D - a wand of polymorph (4)
 F - a wand of flame (9)
 P - a wand of charming (13)
Scrolls
 l - 4 scrolls of amnesia
 m - 6 scrolls of fog
 n - 5 scrolls of identify
 o - 2 scrolls of fear
 O - a scroll of brand weapon
 S - 4 scrolls of enchant weapon
Potions
 d - 6 potions of might
 e - 10 potions of curing
 f - 4 potions of heal wounds
 g - 7 potions of magic
 h - 2 potions of brilliance
 i - 2 potions of invisibility
 j - 3 potions of resistance
 k - a potion of experience
Miscellaneous
 E - a phantom mirror


   Skills:
 + Level 13.4 Fighting
 + Level 17.2 Maces & Flails
 + Level 12.6 Armour
 + Level 3.1 Dodging
 + Level 25.3 Shields
 + Level 8.1 Invocations
 + Level 3.9 Evocations


You had 11 spell levels left.
You didn't know any spells.
Your spell library contained the following spells:

 Spells                   Type           Power      Damage    Failure   Level
 Magic Dart               Conj           0%         1d3       86%         1
 Necrotise                Necr           0%         1d4       86%         1
 Slow                     Hex            0%         N/A       86%         1
 Summon Small Mammal      Summ           0%         N/A       86%         1
 Lesser Beckoning         Tloc           0%         N/A       94%         2
 Momentum Strike          Conj/Tloc      0%         3d8       94%         2
 Searing Ray              Conj           0%         2d4       94%         2
 Static Discharge         Conj/Air       0%         2-2/arc   94%         2
 Call Canine Familiar     Summ           0%         N/A       99%         3
 Confusing Touch          Hex            0%         N/A       99%         3
 Dazzling Flash           Conj/Hex       0%         N/A       99%         3
 Ozocubu's Armour         Ice            0%         N/A       99%         3
 Sigil of Binding         Hex            0%         N/A       99%         3
 Summon Guardian Golem    Hex/Summ       0%         N/A       99%         3
 Tukima's Dance           Hex            0%         N/A       99%         3
 Vampiric Draining        Necr           0%         2d6       99%         3
 Volatile Blastmotes      Fire/Tloc      0%         2d10      99%         3
 Airstrike                Air            0%         2d(0-16)  100%        4
 Anguish                  Hex/Necr       0%         N/A       100%        4
 Cause Fear               Hex            0%         N/A       100%        4
 Dimensional Bullseye     Hex/Tloc       0%         N/A       100%        4
 Fulminant Prism          Conj/Hex       0%         3d5       100%        4
 Iskenderun's Mystic Bla  Conj/Tloc      0%         2d3       100%        4
 Leda's Liquefaction      Hex/Erth       0%         N/A       100%        4
 Summon Lightning Spire   Summ/Air       0%         N/A       100%        4
 Agony                    Necr           0%         N/A       100%        5
 Metabolic Englaciation   Hex/Ice        0%         N/A       100%        5
 Simulacrum               Ice/Necr       0%         N/A       100%        6
 Starburst                Conj/Fire      0%         6d3       100%        6
 Enfeeble                 Hex            0%         N/A       100%        7
 Malign Gateway           Summ/Tloc      0%         N/A       100%        7
 Maxwell's Capacitive Co  Air            0%         ∞         100%        8
 Summon Horrible Things   Summ           0%         N/A       100%        8


Dungeon Overview and Level Annotations

Branches:
Dungeon (1/1)

Altars:
Ashenzari
Cheibriados
Dithmenos
Elyvilon
Fedhas
Gozag
Hepliaklqana
Kikubaaqudgha
Makhleb
Nemelex Xobeh
Okawaru
Qazlal
Ru
Sif Muna
Trog
Uskayaw
Vehumet
Wu Jian
Xom
Yredelemnul
Zin
The Shining One
Jiyva
Lugonu


Innate Abilities, Weirdness & Mutations

You cannot be hasted, slowed, berserked, paralysed or teleported.
You can dig through walls and to a lower floor.
You have a pair of large antennae on your head. (SInv)
Your four strong arms can wield two-handed weapons with a shield.
You possess an exceptional clarity of mind.
You are weak. (Str -2)


Message History

The bolt of cold hits you!! You resist.
* * * LOW HITPOINT WARNING * * *
Your Ice Fiend claws the frost giant!
Your Ice Fiend freezes the frost giant.
The frost giant resists.
Your Ice Fiend claws the frost giant!
Your Ice Fiend freezes the frost giant.
The frost giant resists.
The frost giant dies!
Your phantom mirror has recharged.
Your Maces & Flails skill increases to level 17!
Your Shields skill increases to level 25!
Your Invocations skill increases to level 8!
You feel much better. The wendigo claws your Ice Fiend.
The wendigo freezes your Ice Fiend.
Your Ice Fiend completely resists.
The wendigo bites your Ice Fiend but does no damage.
The Ice Fiend calls on the powers of darkness!
Your body is wracked with pain!
Your Ice Fiend barely misses the wendigo.
Your Ice Fiend completely misses the wendigo.
You sock the wendigo!
Space warps horribly around the wendigo.
The mace of Variability scintillates.
A swirling arc of seething chaos appears!
The arc of chaos hits the Ice Fiend.
The Ice Fiend is almost dead.
The arc of chaos hits the wendigo!!
The wendigo is burned terribly!
The wendigo is almost dead.
The arc of chaos hits the wendigo!
The wendigo is burned terribly!
You kill the wendigo!
The arc of chaos hits the Ice Fiend.
The Ice Fiend is unaffected.
The arc of chaos hits your Ice Fiend.
You kill your Ice Fiend!
Your Ice Fiend shimmers and vanishes!
The Ice Fiend calls on the powers of darkness!
Your body is wracked with pain!
* * * LOW HITPOINT WARNING * * *
Found three items.
The Ice Fiend claws you.
* * * LOW HITPOINT WARNING * * *
The Ice Fiend freezes you!! You resist.
You die...
Your body disappears without a glow.

▓........▓. =)|
.▓.▓....▓.▓.
▓...=[):|)..▓...©....▓.
▓.*.........▓▓▓▓▓▓▓▓▓▓▓
▓..○.)Z.....▓...8©8...▓
▓..§§§§.§...▓..|.[|...▓
▓...§§§§§...▓...[|....▓
▓..§§§§1§§..▓.........▓
▓.§▓§§@§§▓..▓.........▓
▓.§.§§§§§§..▓..)......▓
▓...§§§§§...▓...†.....▓
▓▓▓▓▓▓▓▓▓▓▓▓▓.▓.††..▓.▓
▓....8©8....▓....©....▓
▓..)[|..|)..▓▓▓▓▓▓▓▓▓▓▓
▓...).)!....▓...8©8...▓
▓...........▓..).).)..▓
▓....).)....▓...)))...▓


You could see an Ice Fiend.

Vanquished Creatures
  A frost giant (D)
  2 wendigos (D)
  A mummy priest (D)
  An anaconda (D)
  A death scarab (D)
  A vampire mage (D)
  2 necromancers (D)
  A lindwurm (D)
  A shining eye (D)
  A black mamba (D)
  A guardian serpent (D)
  A freezing wraith (D)
  A golden eye (D)
  3 nagas (D)
  2 water moccasins (D)
  A hell hound (D)
  A swamp drake (D)
  A necrophage (D)
  A scorpion (D)
  2 killer bees (D)
  A hound (D)
  4 jellies (D)
  An orc priest (D)
  2 iguanas (D)
  4 orc wizards (D)
  5 mummies (D)
  4 adders (D)
  An adder skeleton (D)
  A worm (D)
  2 adder simulacra (D)
  An orc (D)
  2 bat skeletons (D)
  2 bat zombies (D)
  2 endoplasms (D)
  3 ball pythons (D)
  A ball python simulacrum (D)
  A ball python zombie (D)
  A bat simulacrum (D)
  A giant cockroach simulacrum (D)
  A jackal skeleton (D)
  A quokka simulacrum (D)
67 creatures vanquished.

Vanquished Creatures (collateral kills)
  An ancient lich (D)
  A lich (D)
  A frost giant (D)
  A mummy priest (D)
  A hell hog (D)
  2 necromancers (D)
  An efreet (D)
  A guardian mummy (D)
  2 shadows (D)
  A vampire (D)
  A golden eye (D)
  2 hell hounds (D)
  A wight (D)
  A jelly (D)
  2 mummies (D)
  An adder (D)
  2 adder skeletons (D)
  A bat zombie (D)
  An endoplasm (D)
  A ball python skeleton (D)
  A ball python zombie (D)
  A giant cockroach zombie (D)
  A quokka skeleton (D)
  A quokka zombie (D)
  A fire vortex (D)
30 creatures vanquished.

Vanquished Creatures (others)
  A bat simulacrum (D)
  A fire vortex (D)
2 creatures vanquished.

Grand Total: 99 creatures vanquished

Notes
Turn   | Place    | Note
-------+----------+-------------------------------------------
     0 | D        | fingers the Formicid Fighter began the quest for the Orb.
     0 | D        | Reached XP level 1. HP: 18/18 MP: 1/1
     0 | D        | Found a blossoming altar of Fedhas.
     0 | D        | Found the +6 Majin-Bo {spellvamp, MP+6 Int+6}
     0 | D        | Found the +27 heavy crossbow "Sniper" {heavy, Acc+∞ SInv}
     0 | D        | Found the +10 dark maul {heavy}
     0 | D        | Found the +15 Maxwell's patent armour {-Cast -Tele rElec
                  | Will+ rCorr}
     0 | D        | Found the +18 shield of the Gong {Loud rN+ Will+ rCorr
                  | EV-5}
     0 | D        | Found the +16 obsidian axe {drain, demonic, Mesm Drain Fly
                  | SInv}
     0 | D        | Found the +7 great mace "Firestarter" {flame, immolate,
                  | rFlCloud rF++}
     0 | D        | Found the +6 shillelagh "Devastator" {shatter}
     0 | D        | Found the +11 plutonium sword {Contam Stlth-}
     0 | D        | Found the +8 lance "Wyrmbane" {slay drac, rPois rF+ rC+
                  | AC+3}
     0 | D        | Found the +9 sword of Zonguldrok {reap}
     0 | D        | Found the +13 scythe of Curses {drain, curses, Drain}
     0 | D        | Found the +9 sword of Power {lifebolt}
     0 | D        | Found the +7 mace of Variability {chaos, chaos arc}
     0 | D        | Found the +11 Singing Sword {sonic wave}
     0 | D        | Found the +8 storm bow {elec, penet}
     1 | D        | Found a shimmering blue altar of Sif Muna.
     1 | D        | Found a sacrificial altar of Ru.
     1 | D        | Found a bloodstained altar of Trog.
     1 | D        | Found a stormy altar of Qazlal.
     1 | D        | Found an iron altar of Okawaru.
     1 | D        | Found a sparkling altar of Nemelex Xobeh.
     3 | D        | Found a transporter.
     3 | D        | Found an ancient bone altar of Kikubaaqudgha.
     3 | D        | Found a viscous altar of Jiyva.
     3 | D        | Found a corrupted altar of Lugonu.
     3 | D        | Found a hazy altar of Hepliaklqana.
     3 | D        | Found a burning altar of Makhleb.
     3 | D        | Found an opulent altar of Gozag.
    63 | D        | Became a worshipper of Nemelex Xobeh the Trickster
    76 | D        | Entered arena 2.
    76 | D        | Noticed an orc priest
    76 | D        | Found a transporter.
    82 | D        | Killed an orc priest
    83 | D        | Reached skill level 6 in Shields
    83 | D        | Reached XP level 2. HP: 12/26 MP: 2/2
    83 | D        | Reached XP level 3. HP: 14/32 MP: 3/3
   166 | D        | Entered arena 3.
   166 | D        | Found a transporter.
   170 | D        | Reached skill level 5 in Fighting
   170 | D        | Reached skill level 5 in Armour
   173 | D        | Reached XP level 4. HP: 34/39 MP: 2/4
   202 | D        | Entered arena 4.
   202 | D        | Found a transporter.
   202 | D        | Reached * piety under Nemelex Xobeh
   205 | D        | Reached skill level 7 in Shields
   209 | D        | Reached XP level 5. HP: 47/47 MP: 5/5
   212 | D        | Reached skill level 8 in Shields
   222 | D        | Entered arena 5.
   222 | D        | Noticed a golden eye
   222 | D        | Received a gift from Nemelex Xobeh
   222 | D        | Found a transporter.
   225 | D        | Killed a golden eye
   226 | D        | Reached skill level 5 in Maces & Flails
   226 | D        | Reached skill level 10 in Shields
   226 | D        | Reached XP level 6. HP: 56/56 MP: 6/6
   244 | D        | Entered arena 6.
   244 | D        | Noticed a water moccasin
   244 | D        | Noticed a water moccasin
   244 | D        | Noticed a naga
   244 | D        | Reached ** piety under Nemelex Xobeh
   244 | D        | Found a transporter.
   248 | D        | Reached XP level 7. HP: 63/63 MP: 7/7
   253 | D        | Killed a naga
   254 | D        | Reached skill level 11 in Shields
   255 | D        | Killed a water moccasin
   256 | D        | Reached skill level 12 in Shields
   265 | D        | Killed a water moccasin
   276 | D        | Entered arena 7.
   276 | D        | Noticed a slime creature
   276 | D        | Noticed a shining eye
   277 | D        | a floating eye changed into a lindwurm
   277 | D        | Noticed a lindwurm
   277 | D        | a slime creature changed into a golden eye
   277 | D        | Noticed a golden eye
   279 | D        | Found a transporter.
   283 | D        | Gained mutation: You possess an exceptional clarity of
                  | mind. [a shining eye]
   287 | D        | Gained mutation: You are weak. (Str -2) [a shining eye]
   291 | D        | Killed a shining eye
   292 | D        | Reached skill level 14 in Shields
   292 | D        | Reached XP level 8. HP: 43/71 MP: 3/8
   292 | D        | Killed a lindwurm
   293 | D        | Reached skill level 10 in Maces & Flails
   293 | D        | Reached skill level 15 in Shields
   293 | D        | Reached XP level 9. HP: 47/78 MP: 3/9
   399 | D        | Entered arena 8.
   399 | D        | Noticed a guardian mummy
   399 | D        | Noticed a mummy priest
   399 | D        | Reached *** piety under Nemelex Xobeh
   399 | D        | Received a gift from Nemelex Xobeh
   402 | D        | Noticed a sun demon
   402 | D        | Noticed a red devil
   408 | D        | Found a transporter.
   410 | D        | Killed a guardian mummy
   411 | D        | Reached skill level 10 in Fighting
   411 | D        | Reached skill level 1 in Invocations
   411 | D        | Reached skill level 1 in Evocations
   411 | D        | Killed a mummy priest
   412 | D        | Reached skill level 17 in Shields
   431 | D        | Entered arena 9.
   431 | D        | Noticed an efreet
   431 | D        | Noticed a hell hog
   431 | D        | Received a gift from Nemelex Xobeh
   434 | D        | Killed a hell hog
   435 | D        | Reached skill level 10 in Armour
   435 | D        | Reached skill level 1 in Dodging
   435 | D        | Reached XP level 10. HP: 70/86 MP: 4/12
   438 | D        | Killed an efreet
   439 | D        | Reached skill level 18 in Shields
   443 | D        | Found a transporter.
   454 | D        | Got the ring "Givvulis" {rPois rN+ Int+5 Dex-3}
   541 | D        | Entered arena 10.
   555 | D        | Found a transporter.
   582 | D        | Got the ring of Qumnot {rCorr Str+4 Dex+3}
   590 | D        | Entered arena 11.
   590 | D        | Found the macabre finger necklace {Finger+ rN+}
   590 | D        | Noticed a death scarab
   590 | D        | Noticed a mummy priest
   590 | D        | Received a gift from Nemelex Xobeh
   590 | D        | Reached **** piety under Nemelex Xobeh
   590 | D        | Received a gift from Nemelex Xobeh
   595 | D        | Found a transporter.
   600 | D        | Killed a mummy priest
   601 | D        | Reached skill level 19 in Shields
   601 | D        | Reached skill level 5 in Invocations
   609 | D        | Killed a death scarab
   610 | D        | Reached skill level 20 in Shields
   811 | D        | Entered arena 12.
   811 | D        | Noticed a guardian serpent
   811 | D        | Noticed an anaconda
   811 | D        | Received a gift from Nemelex Xobeh
   811 | D        | Received a gift from Nemelex Xobeh
   812 | D        | Noticed a black mamba
   812 | D        | Killed a guardian serpent
   813 | D        | Reached XP level 11. HP: 93/93 MP: 6/15
   813 | D        | Killed an anaconda
   814 | D        | Identified the ring of Mosm {Will+ Slay+3 Stlth+}
   816 | D        | Reached skill level 21 in Shields
   819 | D        | Found a transporter.
   855 | D        | Entered arena 13.
   855 | D        | Noticed a necromancer
   855 | D        | Noticed a lich
   855 | D        | Noticed a necromancer
   855 | D        | Received a gift from Nemelex Xobeh
   858 | D        | Found a transporter.
   861 | D        | Killed a necromancer
   863 | D        | Killed a lich
   864 | D        | Reached skill level 22 in Shields
   864 | D        | Killed a necromancer
   865 | D        | Reached skill level 15 in Maces & Flails
   937 | D        | Got the Tome of Star-crossed Translocation
   951 | D        | Entered arena 14.
   951 | D        | Received a gift from Nemelex Xobeh
   952 | D        | Noticed a vampire mage
   955 | D        | Noticed a necromancer
   955 | D        | Noticed a necromancer
   955 | D        | Noticed an ancient lich
   957 | D        | Received a gift from Nemelex Xobeh
   957 | D        | Found a transporter.
   965 | D        | Killed a necromancer
   970 | D        | Killed a necromancer
   973 | D        | Killed a vampire mage
   974 | D        | Reached skill level 23 in Shields
   975 | D        | Reached XP level 12. HP: 50/102 MP: 3/17
   977 | D        | Killed an ancient lich
   978 | D        | Reached skill level 24 in Shields
  1132 | D        | Entered arena 15.
  1133 | D        | Noticed a wendigo
  1133 | D        | Noticed a frost giant
  1133 | D        | Noticed a wendigo
  1133 | D        | Noticed a frost giant
  1134 | D        | Noticed an Ice Fiend
  1138 | D        | Killed a frost giant
  1138 | D        | Killed a wendigo
  1143 | D        | Killed a frost giant
  1144 | D        | Reached skill level 25 in Shields
  1145 | D        | Killed a wendigo
  1146 | D        | Slain by an Ice Fiend

Illustrated notes

Levels and vault maps discovered:
D:        sprint_v [room_start, room_1, room_2, room_3, room_4, room_5, room_6,
          room_7, room_8, room_9, room_10, room_11, room_12, room_13, room_14,
          room_15, room_16, room_17, room_18, room_19, room_20, room_21,
          room_22, room_23, room_24, room_25, room_26, room_27]

Skill      XL: |  1  2  3  4  5  6  7  8  9 10 11 12 |
---------------+-------------------------------------+-----
Fighting       | 4 5 6 8 9 10 11 12 13 | 13.4
Armour         | 4 5 6 7 8 9 10 11 12 | 12.6
Shields        | 6 7 10 14 15 17 20 23 25 | 25.3
Maces & Flails | 3 5 6 9 10 12 13 15 17 | 17.2
Invocations    | 3 5 7 8 |  8.1
Evocations     | 1 2 3 |  3.9
Dodging        | 1 2 3 |  3.1

Action                     |  1- 3 |  4- 6 |  7- 9 | 10-12 || total
---------------------------+-------+-------+-------+-------++-------
  Melee: Great mace        |     6 |    12 |    30 |    56 ||   104
 Invoke: Draw Summoning    |       |     1 |       |       ||     1
         Draw Destruction  |       |       |     1 |     2 ||     3
         Draw Escape       |       |       |     1 |       ||     1
         Triple Draw       |       |       |     2 |     2 ||     4
         Deal Four         |       |       |       |     6 ||     6
  Evoke: Phantom mirror    |       |       |     2 |     6 ||     8
         Wand              |       |       |       |     1 ||     1
    Use: Potion            |     1 |       |     1 |     5 ||     7
         Scroll            |       |       |       |     1 ||     1
 Armour: Plate armour      |     1 |    13 |    36 |    90 ||   140
  Dodge: Dodged            |     1 |       |     4 |     9 ||    14
  Block: Kite shield       |    11 |    24 |    77 |   197 ||   309

Table legend: (Time is in decaauts)
 A = Elapsed time spent in this place.
 B = Non-inter-level travel time spent in this place.
 C = Inter-level travel time spent in this place.
 D = Time resting spent in this place.
 E = Time spent auto-exploring this place.
 F = Levels seen in this place.
 G = Mean time per level.
                   A        B        C        D        E       F      G
               +--------+--------+--------+--------+--------+-----+--------+
         Total |   1167 |   1162 |      5 |      0 |    628 |   1 | 1167.0 |
       Dungeon |   1167 |   1162 |      5 |      0 |    628 |   1 | 1167.0 |
               +--------+--------+--------+--------+--------+-----+--------+

Top non-repeatable levels by time:
       D: 1167 daAuts
